[Event "Titled Tuesday Blitz August 24 2021"]
[White "Krasilnikov, Evgeni"]
[Black "Ibrahimli, Murad"]
[WhiteFideId "4139739"]
[BlackFideId "13410229"]
[WhiteElo "2295"]
[BlackElo "2109"]
[Result "1/2-1/2"]
[Round "03"]
[TimeControl "180+1"]
[Date "2021.08.24"]
[WhiteClock "0:01:55"]
[BlackClock "0:01:15"]

1. e4 e5 2. Nf3 Nc6 3. d4 exd4 4. Nxd4 Nf6 5. Nc3 Bb4 6. Nxc6 bxc6 7. Bd3 O-O 8. O-O d5 9. exd5 cxd5 10. Bg5 c6 11. Qf3 h6 12. Bxf6 Qxf6 13. Qxf6 gxf6 14. Ne2 Rb8 15. b3 Re8 16. c3 Bd6 17. Nd4 c5 18. Nf5 Bf8 19. Ne3 Be6 20. Rad1 a5 21. Be2 Red8 22. Rd2 d4 23. cxd4 cxd4 24. Nc2 Bc5 25. Rfd1 a4 26. Nxd4 axb3 27. Nxb3 Rxd2 28. Rxd2 Bxb3 29. axb3 Rxb3 30. g3 Rb7 31. Kg2 Kg7 32. Bf3 Re7 33. Re2 Rd7 34. Rc2 Bb6 35. Rb2 Ba7 36. Rb7 Rxb7 37. Bxb7 1/2-1/2


[Site "https://www.chess.com"]

[Event "Titled Tuesday Blitz August 24 2021"]
[White "Krivonosov, Oleg"]
[Black "Sevian, Samuel"]
[WhiteFideId "11600349"]
[BlackFideId "2040506"]
[WhiteElo "2469"]
[BlackElo "2988"]
[Result "0-1"]
[Round "03"]
[TimeControl "180+1"]
[Date "2021.08.24"]
[WhiteClock "0:00:43"]
[BlackClock "0:02:00"]

1. Nf3 g6 2. d4 Bg7 3. c4 d6 4. Nc3 Nd7 5. e4 e5 6. Be2 Ne7 7. h4 h6 8. Be3 c6 9. d5 c5 10. h5 g5 11. g4 a6 12. a4 Rb8 13. Nh2 Ng8 14. Nf1 Ngf6 15. Ng3 O-O 16. f3 Ne8 17. Nf5 Ndf6 18. Bd3 Nc7 19. O-O b6 20. Rb1 Bxf5 21. exf5 e4 22. Nxe4 Nxe4 23. Bxe4 Be5 24. b4 Ne8 25. Qc2 Nf6 26. a5 Nd7 27. axb6 Rxb6 28. bxc5 Rxb1 29. Rxb1 Nxc5 30. Qa2 Qc7 31. Kg2 Re8 32. Qc2 Bf6 33. Bf2 Kg7 34. Be3 a5 35. Bf2 a4 36. Bxc5 Qxc5 37. Qxa4 Re7 38. Qc6 Qe3 39. Qxd6 Rxe4 40. fxe4 Qxe4+ 41. Kf2 Bd4+ 0-1


[Site "https://www.chess.com"]

[Event "Titled Tuesday Blitz August 24 2021"]
[White "Kubicka, Anna"]
[Black "Demchenko, Anton"]
[WhiteFideId "1152254"]
[BlackFideId "4160258"]
[WhiteElo "2010"]
[BlackElo "2583"]
[Result "0-1"]
[Round "03"]
[TimeControl "180+1"]
[Date "2021.08.24"]
[WhiteClock "0:00:02"]
[BlackClock "0:00:09"]

1. e4 c5 2. Nf3 Nc6 3. d4 cxd4 4. Nxd4 g6 5. c4 Bg7 6. Be3 Nf6 7. Nc3 d6 8. Be2 O-O 9. f3 Bd7 10. Qd2 a6 11. O-O Nxd4 12. Bxd4 Bc6 13. Be3 a5 14. b3 Nd7 15. Rac1 Be5 16. Rfd1 e6 17. Bf1 Nc5 18. Ne2 Qh4 19. g3 Qe7 20. Bg2 Rfd8 21. Bd4 b6 22. f4 Bxd4+ 23. Qxd4 e5 24. Qe3 exf4 25. Nxf4 Re8 26. Qd4 Rad8 27. Nd5 Bxd5 28. exd5 Qe3+ 29. Qxe3 Rxe3 30. Re1 Rde8 31. Rxe3 Rxe3 32. Bf1 Ne4 33. Kg2 f5 34. Rc2 Kf7 35. Be2 Kf6 36. Bf3 Ke5 37. Bxe4 fxe4 38. Kf2 Rf3+ 39. Ke2 h5 40. Rb2 Kd4 41. Rd2+ Kc5 42. Rd1 g5 43. Re1 g4 44. Kd2 Kd4 45. Ke2 Ke5 46. Kd2 h4 47. gxh4 Rd3+ 48. Ke2 Rh3 49. Rh1 g3 50. Kf1 Rxh2 51. Rxh2 gxh2 52. Kg2 e3 53. Kxh2 e2 0-1


[Site "https://www.chess.com"]

[Event "Titled Tuesday Blitz August 24 2021"]
[White "Laurusas, Tomas"]
[Black "Sadhwani, Raunak"]
[WhiteFideId "12803731"]
[BlackFideId "35093487"]
[WhiteElo "2542"]
[BlackElo "2514"]
[Result "0-1"]
[Round "03"]
[TimeControl "180+1"]
[Date "2021.08.24"]
[WhiteClock "0:00:05"]
[BlackClock "0:00:11"]

1. d4 d6 2. Nf3 Bg4 3. Nbd2 Nd7 4. g3 e5 5. Bg2 Ngf6 6. O-O e4 7. Ng5 d5 8. f3 exf3 9. exf3 Bh5 10. Nh3 Be7 11. Nf4 Bg6 12. c3 O-O 13. Re1 c5 14. Nxg6 hxg6 15. dxc5 Nxc5 16. Nb3 Nxb3 17. axb3 Bc5+ 18. Kh1 a5 19. Be3 Bxe3 20. Rxe3 Qb6 21. Re1 Rfe8 22. Qc2 d4 23. Rad1 dxc3 24. bxc3 Rac8 25. c4 Qc5 26. Bh3 Rb8 27. Bf1 b5 28. Rxe8+ Rxe8 29. Qd2 b4 30. Ra1 Kh7 31. Kg2 Ra8 32. Qf2 Nd7 33. Qd2 Qc7 34. Qd5 Ra6 35. Qxf7 Qe5 36. Rd1 Qb2+ 37. Kh1 Ne5 38. Qd5 Qxb3 39. c5 Qxd5 40. Rxd5 Re6 41. f4 Ng4 42. Bb5 Re1+ 43. Kg2 Rc1 44. Kf3 Nf6 45. Rg5 b3 46. Bd3 b2 47. Bxg6+ Kg8 48. c6 b1=Q 49. Bxb1 Rxb1 50. Rxa5 Rb3+ 51. Kg2 Rc3 52. Ra6 Kf7 53. Ra7+ Kg6 54. Ra6 Kh7 55. Rb6 Nd5 56. Ra6 Nb4 57. Ra4 Nxc6 58. Ra2 Ne7 59. Re2 Nd5 60. Kf2 Nf6 61. Rb2 Kg6 62. Kg2 Kf5 63. Rb5+ Kg6 64. Rb2 Ra3 65. Rc2 Ne4 66. Rb2 Rc3 67. Ra2 Rd3 68. Ra6+ Nd6 69. h3 Kf5 70. Ra5+ Kf6 71. g4 Nc4 72. Ra6+ Kf7 73. Ra7+ Kg8 74. Rc7 Ne3+ 75. Kf3 Nd5+ 76. Ke4 Rd1 77. Rc8+ Kh7 78. f5 Nf6+ 79. Kf4 Rf1+ 80. Ke3 Rh1 81. g5 Rxh3+ 82. Kf4 Rh4+ 83. Kf3 Nd5 84. f6 Rf4+ 85. Kg3 gxf6 86. gxf6 Rxf6 87. Rd8 Ne7 88. Rd4 Nf5+ 89. Kf4 Nxd4+ 0-1


[Site "https://www.chess.com"]

[Event "Titled Tuesday Blitz August 24 2021"]
[White "Lazavik, Denis"]
[Black "Viani Antonio Dcunha"]
[WhiteFideId "13515110"]
[BlackFideId "5027330"]
[WhiteElo "2436"]
[BlackElo "2366"]
[Result "0-1"]
[Round "03"]
[TimeControl "180+1"]
[Date "2021.08.24"]
[WhiteClock "0:00:01"]
[BlackClock "0:00:03"]

1. d4 Nf6 2. c4 g6 3. g3 Bg7 4. Bg2 O-O 5. Nc3 d6 6. Nf3 Nc6 7. O-O a6 8. h3 Rb8 9. Be3 Bd7 10. d5 Na5 11. b3 b5 12. Nd2 bxc4 13. bxc4 Ng4 14. hxg4 Bxc3 15. Bh6 Re8 16. Ne4 Bh8 17. Rc1 Bxg4 18. c5 Rb2 19. Bf3 Bxf3 20. exf3 dxc5 21. Rxc5 Nb7 22. Rc6 Rxa2 23. Re1 Nd6 24. Bg5 Nf5 25. Nc5 Nd4 26. Ne4 Nxc6 27. dxc6 Qxd1 28. Rxd1 Be5 29. Rd7 f6 30. f4 Bd6 31. Bxf6 Rc2 32. Bd4 Rxc6 33. Be3 Rc4 34. Ng5 a5 35. Ne6 Rb8 36. Bd4 Kf7 37. Ng5+ Ke8 0-1


[Site "https://www.chess.com"]

[Event "Titled Tuesday Blitz August 24 2021"]
[White "Maghsoodloo, Parham"]
[Black "Krysa, Leandro"]
[WhiteFideId "12539929"]
[BlackFideId "116807"]
[WhiteElo "2601"]
[BlackElo "2490"]
[Result "1-0"]
[Round "03"]
[TimeControl "180+1"]
[Date "2021.08.24"]
[WhiteClock "0:00:36"]
[BlackClock "0:00:03"]

1. c4 c5 2. g3 Nf6 3. Bg2 g6 4. Nc3 Bg7 5. a3 O-O 6. Rb1 e6 7. b4 d5 8. bxc5 d4 9. Nb5 Nc6 10. a4 Rb8 11. Nd6 Bd7 12. Nf3 e5 13. O-O Qc7 14. d3 h6 15. Ba3 Kh7 16. Nd2 Bg4 17. h3 Be6 18. Rb5 Nd7 19. Qb3 Na5 20. Qb4 b6 21. cxb6 axb6 22. N6e4 Rfd8 23. c5 Nc6 24. cxb6 Nxb6 25. Qb2 Nxa4 26. Qb1 Nc3 27. Rxb8 Nxb1 28. Rbxb1 Bd5 29. Rfc1 Qa7 30. Bc5 Qa8 31. Nc4 f5 32. Nb6 Qa2 33. Nxd5 fxe4 34. Ra1 Qxe2 35. Bxe4 Rf8 36. Rf1 Qh5 37. Bxf8 Nd8 38. Bxg7 1-0


[Site "https://www.chess.com"]

[Event "Titled Tuesday Blitz August 24 2021"]
[White "Makhnev, Denis"]
[Black "Hovhannisyan, Robert"]
[WhiteFideId "13707647"]
[BlackFideId "13302507"]
[WhiteElo "2537"]
[BlackElo "2669"]
[Result "1-0"]
[Round "03"]
[TimeControl "180+1"]
[Date "2021.08.24"]
[WhiteClock "0:01:01"]
[BlackClock "0:00:06"]

1. Nf3 d5 2. d4 Bf5 3. c4 e6 4. Nc3 Nf6 5. cxd5 exd5 6. Qb3 Nc6 7. Bg5 Bb4 8. e3 O-O 9. Be2 a5 10. Bxf6 Qxf6 11. Qxd5 Ne7 12. Qe5 Qxe5 13. Nxe5 c5 14. dxc5 Rfc8 15. Nd3 Bxd3 16. Bxd3 Rxc5 17. Ke2 Bxc3 18. bxc3 Rxc3 19. Rhc1 Ra3 20. Rc7 Nd5 21. Rxb7 Nc3+ 22. Kf3 g6 23. Bc4 Rf8 24. Rc1 Kg7 25. Rb3 Rxb3 26. axb3 Na2 27. Ra1 Nb4 28. Rxa5 Nc6 29. Rc5 Nb4 30. Rc7 g5 31. g4 h6 32. Kg3 Kg6 33. f4 gxf4+ 34. exf4 h5 35. gxh5+ Kxh5 36. Rxf7 Rg8+ 37. Kf3 Rg1 38. Rb7 Nc6 39. Bd3 Nd4+ 40. Ke3 Nc6 41. Rh7+ Kg4 42. Rg7+ Kh3 43. Rxg1 Kxh2 44. Rg6 Ne7 45. f5 1-0


[Site "https://www.chess.com"]

[Event "Titled Tuesday Blitz August 24 2021"]
[White "Maly, Alexey"]
[Black "Eswaran, Ashritha"]
[WhiteFideId "14103184"]
[BlackFideId "2080788"]
[WhiteElo "2250"]
[BlackElo "2434"]
[Result "1/2-1/2"]
[Round "03"]
[TimeControl "180+1"]
[Date "2021.08.24"]
[WhiteClock "0:02:51"]
[BlackClock "0:02:56"]

1. d4 Nf6 2. c4 e6 3. Nf3 c5 4. d5 exd5 5. cxd5 d6 6. Nc3 g6 7. Nd2 Bg7 8. g3 O-O 9. Bg2 Na6 10. O-O Nc7 11. a4 Re8 12. Nc4 b6 13. h3 Ba6 14. Qb3 Bxc4 15. Qxc4 Nd7 16. e4 Ne5 17. Qe2 f5 18. Bd2 1/2-1/2


[Site "https://www.chess.com"]

[Event "Titled Tuesday Blitz August 24 2021"]
[White "Martins, Igor Carvalho Ribeiro"]
[Black "FGHSMN"]
[WhiteFideId "2162962"]
[WhiteElo "2452"]
[BlackElo "2705"]
[Result "1/2-1/2"]
[Round "03"]
[TimeControl "180+1"]
[Date "2021.08.24"]
[WhiteClock "0:00:11"]
[BlackClock "0:00:06"]

1. Nf3 Nf6 2. c4 e6 3. Nc3 c5 4. g3 b6 5. Bg2 Bb7 6. O-O Be7 7. d4 cxd4 8. Qxd4 d6 9. Bg5 a6 10. Bxf6 Bxf6 11. Qf4 O-O 12. Rad1 Be7 13. Ne4 Bxe4 14. Qxe4 Ra7 15. Nd4 Rc7 16. Rd2 Qc8 17. b3 Rd8 18. Qb1 Nd7 19. Rfd1 Ne5 20. h3 Rc5 21. a4 h5 22. Rc2 h4 23. g4 Ng6 24. e3 Bf6 25. Rcd2 Ne7 26. Ne2 d5 27. cxd5 Nxd5 28. Bxd5 Rcxd5 29. Rxd5 exd5 30. Qd3 g6 31. Rc1 Qe6 32. Nd4 Bxd4 33. Qxd4 Qd6 34. b4 Qd7 35. Qxb6 Re8 36. Qc6 Qd8 37. b5 axb5 38. axb5 d4 39. exd4 Kg7 40. b6 Re2 41. b7 Qxd4 42. Qf3 Rb2 43. Rc7 Qf6 44. Qxf6+ Kxf6 45. Kg2 Ke6 46. Kf3 Rb3+ 47. Kf4 f6 48. Ke4 g5 49. f4 Rb4+ 50. Kf3 Rxf4+ 51. Ke3 Rb4 52. Kf3 Kd6 53. Rf7 Ke6 54. Rc7 Rb3+ 55. Kg2 Kd6 56. Rf7 Ke5 57. Kf2 Rb6 58. Kf3 Rb3+ 59. Kf2 Ke6 60. Rc7 Kd6 61. Rf7 Ke6 62. Rc7 Kd5 63. Rf7 Rb6 64. Kf3 Ke5 65. Rc7 Rb3+ 66. Kf2 Kd6 67. Rf7 Kc6 68. Rxf6+ Kxb7 69. Rf5 Rxh3 70. Rxg5 Rg3 71. Rg6 Kc7 72. g5 Kd7 73. Rh6 Rxg5 74. Rxh4 Ke6 75. Rh3 Ke5 76. Re3+ Kd4 77. Rf3 Rc5 78. Rf4+ Ke5 79. Rh4 Rc2+ 80. Kg3 Rc3+ 81. Kg2 Kf5 82. Ra4 Rd3 83. Kf2 Rh3 84. Kg2 Rb3 85. Kf2 Ke5 86. Ke2 Kd5 87. Kd2 Kc5 88. Kc2 Rh3 89. Rg4 Ra3 90. Kd2 Rb3 91. Kc2 Rb4 92. Rxb4 Kxb4 1/2-1/2


[Site "https://www.chess.com"]

[Event "Titled Tuesday Blitz August 24 2021"]
[White "Melikhov, Evgeny V."]
[Black "Materia, Marco"]
[WhiteFideId "4122046"]
[BlackFideId "45150451"]
[WhiteElo "1957"]
[BlackElo "2678"]
[Result "0-1"]
[Round "03"]
[TimeControl "180+1"]
[Date "2021.08.24"]
[WhiteClock "0:00:58"]
[BlackClock "0:01:37"]

1. d4 Nf6 2. c4 e6 3. Nc3 Bb4 4. Qc2 d5 5. cxd5 exd5 6. Bg5 h6 7. Bxf6 Qxf6 8. a3 Bxc3+ 9. Qxc3 O-O 10. e3 Bf5 11. Nf3 c6 12. Be2 Nd7 13. O-O Qe6 14. Rfc1 Nf6 15. Bd3 Ne4 16. Bxe4 Bxe4 17. Nd2 Bg6 18. h3 Rfe8 19. b4 Qf6 20. Ra2 Re6 21. a4 a6 22. Nf3 Rae8 23. b5 axb5 24. axb5 Be4 25. Ne5 cxb5 26. f3 Bf5 27. Qc5 Qg5 28. Re1 f6 29. Ng4 h5 30. Nf2 Rxe3 31. Qxd5+ Be6 32. Rxe3 Qxd5 33. Rae2 Kf7 34. Nd3 Qxd4 35. Kh2 b4 36. Nf4 Qxf4+ 0-1


[Site "https://www.chess.com"]

[Event "Titled Tuesday Blitz August 24 2021"]
[White "Mirzoev, Azer"]
[Black "Bouchet, Sebastien"]
[WhiteFideId "13400304"]
[BlackFideId "623571"]
[WhiteElo "2525"]
[BlackElo "2456"]
[Result "0-1"]
[Round "03"]
[TimeControl "180+1"]
[Date "2021.08.24"]
[WhiteClock "0:00:01"]
[BlackClock "0:00:48"]

1. c4 Nf6 2. Nc3 e5 3. e3 Bb4 4. Nge2 c6 5. a3 Ba5 6. b4 Bc7 7. Bb2 O-O 8. d4 exd4 9. Nxd4 d5 10. Nf3 Bg4 11. cxd5 cxd5 12. Be2 Nc6 13. O-O a6 14. h3 Bh5 15. b5 Qd6 16. Re1 Na5 17. g3 Rfe8 18. bxa6 bxa6 19. Qd3 Bg6 20. Qd1 Rxe3 21. Rc1 Rae8 22. Na4 R3e7 23. Nc5 Ne4 24. Nxe4 Bxe4 25. Qd4 f6 26. Nd2 Bf5 0-1


[Site "https://www.chess.com"]

[Event "Titled Tuesday Blitz August 24 2021"]
[White "Mitrabha, Guha"]
[Black "Zhigalko, Sergei"]
[WhiteFideId "5057000"]
[BlackFideId "13502956"]
[WhiteElo "2334"]
[BlackElo "2662"]
[Result "0-1"]
[Round "03"]
[TimeControl "180+1"]
[Date "2021.08.24"]
[WhiteClock "0:00:13"]
[BlackClock "0:00:09"]

1. c4 e5 2. g3 Nf6 3. Bg2 c6 4. Nf3 d6 5. Nc3 Be7 6. O-O O-O 7. d4 e4 8. Ng5 d5 9. cxd5 cxd5 10. f3 h6 11. Nh3 exf3 12. exf3 Nc6 13. Be3 Re8 14. Re1 Bb4 15. Bf2 Bxc3 16. bxc3 Bf5 17. Nf4 Rc8 18. Rxe8+ Qxe8 19. Qb3 Na5 20. Qa3 b6 21. g4 Bh7 22. h4 Qd8 23. Re1 Qc7 24. Bg3 Re8 25. Rxe8+ Nxe8 26. Kh2 Qd7 27. Bh3 g5 28. hxg5 hxg5 29. Nh5 Bg6 30. Qc1 Qe7 31. Bg2 Nc4 32. f4 Bxh5 33. gxh5 Ne3 34. Qd2 gxf4 35. Bf2 Nf6 36. Bf3 Nfg4+ 37. Kh3 Qg5 38. Bxe3 Qxh5+ 39. Kg2 Nxe3+ 40. Kf2 Qh2+ 41. Ke1 Qg1+ 42. Ke2 Qf1# 0-1


[Site "https://www.chess.com"]

[Event "Titled Tuesday Blitz August 24 2021"]
[White "Nefedov, Sergey"]
[Black "Leitao, Rafael"]
[WhiteFideId "24113417"]
[BlackFideId "2101246"]
[WhiteElo "2380"]
[BlackElo "2609"]
[Result "1/2-1/2"]
[Round "03"]
[TimeControl "180+1"]
[Date "2021.08.24"]
[WhiteClock "0:00:28"]
[BlackClock "0:00:09"]

1. d4 Nf6 2. Nf3 g6 3. c4 Bg7 4. Nc3 O-O 5. Bg5 d6 6. Qd2 c5 7. d5 e6 8. e4 exd5 9. exd5 Bg4 10. Be2 Nbd7 11. O-O a6 12. Bf4 Qc7 13. h3 Bxf3 14. Bxf3 Rae8 15. Rfe1 Rxe1+ 16. Rxe1 Re8 17. a3 Rxe1+ 18. Qxe1 Kf8 19. g4 Ne8 20. Bg2 Ne5 21. Qe2 Qb6 22. Bf1 Nd7 23. Qc2 Qd8 24. Ne4 Ne5 25. b4 Nf3+ 26. Kh1 Nd4 27. Qd3 b6 28. Qg3 Qe7 29. Bxd6 Nxd6 30. Qxd6 Qxd6 31. Nxd6 Nc2 32. Nc8 Nxa3 33. Nxb6 cxb4 34. c5 Ke7 35. d6+ Ke6 36. Bxa6 b3 37. Nc4 Nc2 38. c6 b2 39. Nxb2 Kxd6 40. Nd3 Kxc6 41. Kg2 Kd6 1/2-1/2


[Site "https://www.chess.com"]

[Event "Titled Tuesday Blitz August 24 2021"]
[White "Nesterov, Arseniy"]
[Black "Nazaretyan, Tigran"]
[WhiteFideId "24198455"]
[BlackFideId "24162345"]
[WhiteElo "2477"]
[BlackElo "2167"]
[Result "1-0"]
[Round "03"]
[TimeControl "180+1"]
[Date "2021.08.24"]
[WhiteClock "0:00:08"]
[BlackClock "0:00:15"]

1. d4 Nf6 2. c4 c5 3. d5 b5 4. Qc2 bxc4 5. e4 d6 6. Bxc4 g6 7. Nf3 Bg7 8. O-O O-O 9. h3 a5 10. Bd2 Ba6 11. Bxa6 Nxa6 12. Bc3 Nb4 13. Qe2 Qb6 14. Nbd2 Qa6 15. Nc4 Qb5 16. a3 Na6 17. a4 Qb8 18. Nxa5 Nb4 19. Nc4 Qb7 20. Rfe1 Rfb8 21. a5 Qa6 22. Rad1 Na2 23. e5 Nxc3 24. bxc3 dxe5 25. Nfxe5 Rb3 26. Qc2 Rb7 27. d6 exd6 28. Rxd6 Qb5 29. Rb6 Rxb6 30. axb6 Nd5 31. Rb1 Qe8 32. b7 Rb8 33. Re1 f6 34. Nd3 Qd7 35. Rb1 Rxb7 36. Nxc5 Rxb1+ 37. Qxb1 Qc6 38. Qb8+ Bf8 39. Ne4 Qxc4 40. f3 Qc6 41. Qb3 Qb6+ 42. Qxb6 Nxb6 43. Nxf6+ Kg7 44. Ne4 h6 45. Kf2 Kf7 46. Ke3 Ke6 47. Kd3 Kd5 48. g3 Bg7 49. f4 Nc4 50. Nf2 Nb2+ 51. Kc2 Na4 52. Ng4 Nxc3 53. Kd3 Ne4 54. Ne3+ Ke6 55. Kxe4 Bc3 56. g4 h5 57. gxh5 gxh5 58. f5+ Kf7 59. Nd5 Bb2 60. Nf4 h4 61. Nd5 Bc1 62. Kf3 Bg5 63. Kg4 Bd8 64. Nf4 Kf6 65. Ne6 Be7 66. Ng5 Ke5 67. Nf3+ Kf6 68. Nxh4 Ke5 69. Ng6+ Kf6 70. Nxe7 Kxe7 71. Kg5 Kf7 72. f6 Kf8 73. Kg6 Kg8 74. h4 Kh8 75. Kf7 Kh7 76. Ke7 Kg6 77. f7 Kh6 78. f8=Q+ Kh5 79. Qg8 Kxh4 80. Kf6 Kh3 81. Kf5 Kh2 82. Kf4 Kh1 83. Kf3 1-0


[Site "https://www.chess.com"]

[Event "Titled Tuesday Blitz August 24 2021"]
[White "Nimrod_Veinberg"]
[Black "Purtseladze, Maka"]
[BlackFideId "13602659"]
[WhiteElo "2690"]
[BlackElo "2178"]
[Result "1-0"]
[Round "03"]
[TimeControl "180+1"]
[Date "2021.08.24"]
[WhiteClock "0:01:10"]
[BlackClock "0:00:08"]

1. d4 Nf6 2. Bf4 g6 3. Nc3 Bg7 4. e4 d6 5. Qd2 c6 6. Bh6 O-O 7. Nf3 Qa5 8. h4 Bg4 9. e5 dxe5 10. Bxg7 Kxg7 11. Nxe5 h5 12. f3 Be6 13. g4 Nbd7 14. Nc4 Qb4 15. a3 Qxc4 16. Bxc4 Bxc4 17. g5 Nd5 18. O-O-O N7b6 19. b3 Ba6 20. Ne4 Rad8 21. Nc5 e6 22. Nxa6 bxa6 23. Rhe1 Ne7 24. Qa5 Nf5 25. Re4 Nd5 26. Kb2 Kg8 27. Qxa6 Nde3 28. Rxe3 Nxe3 29. Rd3 Nf5 30. Qxa7 Nxh4 31. Qc5 Rd5 32. Qxc6 Rxg5 33. a4 Rd5 34. c4 Rdd8 35. a5 Nf5 36. d5 exd5 37. cxd5 h4 38. f4 Rfe8 39. a6 Re2+ 40. Ka3 Rd6 41. a7 Kg7 42. a8=Q 1-0


[Site "https://www.chess.com"]

[Event "Titled Tuesday Blitz August 24 2021"]
[White "Paravyan, David"]
[Black "Zarubitski, Viachaslau"]
[WhiteFideId "4194985"]
[BlackFideId "13509373"]
[WhiteElo "2562"]
[BlackElo "2315"]
[Result "1/2-1/2"]
[Round "03"]
[TimeControl "180+1"]
[Date "2021.08.24"]
[WhiteClock "0:00:35"]
[BlackClock "0:00:21"]

1. e4 e5 2. Nf3 Nf6 3. Nc3 Nc6 4. d4 exd4 5. Nxd4 Bb4 6. Nxc6 bxc6 7. Bd3 O-O 8. O-O d5 9. exd5 cxd5 10. Bg5 c6 11. a3 Bd6 12. Re1 Rb8 13. b4 h6 14. Bh4 Be6 15. Ne2 a5 16. Nd4 Bd7 17. c3 c5 18. bxc5 Bxc5 19. Qf3 Rb6 20. h3 Re8 21. Rxe8+ Qxe8 22. Nf5 Qe5 23. Qg3 Qxg3 24. Bxg3 Ne4 25. Bxe4 dxe4 26. Nd4 Rb2 27. a4 f6 28. Bc7 Bxd4 29. cxd4 Rb4 30. d5 Rxa4 31. Rxa4 Bxa4 32. Bxa5 Kf7 33. Bb4 Bb3 34. d6 Ke6 35. g4 g6 36. Kg2 f5 37. gxf5+ gxf5 38. Kg3 Ba4 39. Kh4 Be8 40. Kg3 Ke5 41. Bd2 Kxd6 42. Bxh6 Ke6 43. Bg7 Kf7 44. Bc3 Kg6 45. Kf4 Bb5 46. f3 exf3 47. Kxf3 Bc6+ 48. Kf4 Be4 49. h4 Kh5 50. Be1 Bd3 51. Bf2 Be4 52. Be1 Bd3 53. Bf2 Be4 54. Be1 1/2-1/2


[Site "https://www.chess.com"]

[Event "Titled Tuesday Blitz August 24 2021"]
[White "Pavlov, Danila"]
[Black "Shevtchenko, Olesya"]
[WhiteFideId "34126594"]
[BlackFideId "24131890"]
[WhiteElo "2323"]
[BlackElo "2003"]
[Result "1/2-1/2"]
[Round "03"]
[TimeControl "180+1"]
[Date "2021.08.24"]
[WhiteClock "0:00:36"]
[BlackClock "0:00:19"]

1. e4 c5 2. Nf3 d6 3. d4 cxd4 4. Nxd4 Nf6 5. Nc3 Nc6 6. Be3 a6 7. Nb3 e6 8. f4 Be7 9. Qf3 Bd7 10. O-O-O Qc7 11. g4 d5 12. exd5 Nxd5 13. Rxd5 exd5 14. Nxd5 Qb8 15. Nb6 Be6 16. Nxa8 Bxb3 17. axb3 Qxa8 18. Bc4 Qc8 19. Rd1 O-O 20. Bb6 Bd8 21. Bc5 Be7 22. Bxe7 Nxe7 23. Qe4 Nc6 24. g5 Qg4 25. Bd5 Rd8 26. Re1 Qd7 27. Bxc6 bxc6 28. Qe2 g6 29. Rd1 Qc7 30. Rxd8+ Qxd8 31. Qxa6 Qd4 32. Qf1 c5 33. Kb1 Qe4 34. Qf2 Qh1+ 35. Ka2 Qa8+ 36. Kb1 Qh1+ 37. Ka2 Qa8+ 38. Kb1 Qh1+ 1/2-1/2


[Site "https://www.chess.com"]

[Event "Titled Tuesday Blitz August 24 2021"]
[White "Pires, Marcos Vinicius Torsani"]
[Black "Korchmar, Vasiliy"]
[WhiteFideId "2118939"]
[BlackFideId "24131750"]
[WhiteElo "2273"]
[BlackElo "2370"]
[Result "0-1"]
[Round "03"]
[TimeControl "180+1"]
[Date "2021.08.24"]
[WhiteClock "0:00:05"]
[BlackClock "0:00:08"]

1. d4 d5 2. Bf4 Nf6 3. e3 c5 4. c3 Nc6 5. Nd2 e6 6. Ngf3 Bd6 7. Bg3 O-O 8. Bd3 Qe7 9. Ne5 Nd7 10. Nxd7 Qxd7 11. Bxd6 Qxd6 12. dxc5 Qxc5 13. Qc2 h6 14. e4 Ne5 15. exd5 Qxd5 16. Bh7+ Kh8 17. Be4 Qb5 18. c4 Qb6 19. O-O Bd7 20. Qc3 Qc7 21. Rac1 Bc6 22. Bxc6 Nxc6 23. Qe3 Rad8 24. Nf3 Nb4 25. Qxa7 Ra8 26. Qe3 Rxa2 27. Qb3 Qa5 28. Rfd1 Ra8 29. h3 Kg8 30. Rd7 b6 31. Rcd1 Ra1 32. Kh2 Rxd1 33. Qxd1 Qc5 34. Qd4 Rc8 35. Qxc5 Rxc5 36. b3 b5 37. Rb7 bxc4 38. Rxb4 c3 39. Nd4 c2 40. Nxc2 Rxc2 41. Rb8+ Kh7 42. Kg3 e5 43. b4 f5 44. Rb5 Rc3+ 45. f3 Re3 46. Kf2 f4 47. g3 Kg6 48. Rc5 Kf6 49. b5 Rb3 50. Rc6+ Kf5 51. b6 Rb2+ 52. Kg1 fxg3 53. Rc7 g5 54. Rf7+ Kg6 55. Rb7 Kf5 56. Rf7+ Kg6 57. Rb7 Kh5 58. Rb8 Kh4 59. Rh8 Rxb6 60. Re8 Rb1+ 61. Kg2 Rb2+ 62. Kf1 Kxh3 63. Rxe5 g2+ 64. Ke1 Rb1+ 65. Kd2 g1=Q 66. Re2 Qd1+ 67. Ke3 Rb3+ 68. Kf2 Qxe2+ 69. Kxe2 Rxf3 70. Kxf3 g4+ 71. Kf2 Kh2 0-1


[Site "https://www.chess.com"]

[Event "Titled Tuesday Blitz August 24 2021"]
[White "Praggnanandhaa R"]
[Black "Maksimovic, Bojan"]
[WhiteFideId "25059530"]
[BlackFideId "14408120"]
[WhiteElo "2555"]
[BlackElo "2439"]
[Result "0-1"]
[Round "03"]
[TimeControl "180+1"]
[Date "2021.08.24"]
[WhiteClock "0:00:08"]
[BlackClock "0:00:05"]

1. g3 g6 2. Bg2 Bg7 3. Nf3 d6 4. d4 Nf6 5. O-O O-O 6. a4 a5 7. Nc3 Nbd7 8. e4 e5 9. b3 Re8 10. Bb2 c6 11. Re1 Qc7 12. Qd2 exd4 13. Nxd4 Nc5 14. h3 Bd7 15. Rad1 Rad8 16. Kh2 Bc8 17. f4 Na6 18. Qf2 Nb4 19. Rd2 d5 20. e5 Nd7 21. Nd1 Nf8 22. Ne3 Na6 23. Ng4 Nc5 24. Rde2 Bxg4 25. hxg4 Qc8 26. g5 Nfe6 27. Nxe6 Nxe6 28. Bh3 Qc7 29. Ba3 Bf8 30. Bxf8 Nxf8 31. f5 gxf5 32. Bxf5 Qe7 33. Qe3 Ne6 34. Bxe6 fxe6 35. Rf1 Kh8 36. Rf6 Rg8 37. Kg1 Rg7 38. Rh2 Rdg8 39. g6 Rxg6 40. Rf3 Qg7 41. Kg2 Rg5 42. Qf2 Qxe5 43. Rh3 Qe4 44. Kh2 Rf5 45. Rxf5 Qxf5 46. Qd2 e5 47. Rh4 Rf8 48. Qg2 Qf2 49. Rh5 Qxg2+ 50. Kxg2 Re8 51. Rg5 e4 52. Kf2 Rg8 53. Re5 Rf8+ 54. Kg2 Rf7 55. c3 Kg7 56. b4 axb4 57. cxb4 Kf6 58. Re8 Re7 59. Rd8 Ke5 60. Kf2 Kd4 61. Ke2 Kc4 62. b5 cxb5 63. axb5 d4 64. b6 Kc5 65. Kd2 e3+ 66. Ke2 Kxb6 67. Rxd4 Ka5 68. Rd1 b5 69. Ra1+ Kb6 70. Rb1 Re5 71. Rc1 b4 72. Rh1 h5 73. Ra1 Kb5 74. Ra8 b3 75. Rb8+ Ka4 76. Kd3 e2 77. Kc4 Re4+ 78. Kc5 e1=Q 79. Ra8+ Qa5+ 80. Rxa5+ Kxa5 0-1


[Site "https://www.chess.com"]

[Event "Titled Tuesday Blitz August 24 2021"]
[White "Przybylski, Wojciech"]
[Black "Kamsky, Gata"]
[WhiteFideId "1117599"]
[BlackFideId "2000024"]
[WhiteElo "2250"]
[BlackElo "2644"]
[Result "0-1"]
[Round "03"]
[TimeControl "180+1"]
[Date "2021.08.24"]
[WhiteClock "0:00:02"]
[BlackClock "0:01:37"]

1. e4 c5 2. Nf3 e6 3. b3 b6 4. Bb2 Bb7 5. Qe2 Nc6 6. Qe3 Nf6 7. Nc3 Be7 8. O-O-O d5 9. exd5 exd5 10. d4 O-O 11. Bb5 a6 12. Bxc6 Bxc6 13. Ne5 Bb7 14. Kb1 Re8 15. f4 c4 16. bxc4 dxc4 17. d5 b5 18. Qd4 b4 19. Ne4 c3 20. Bc1 Nxd5 21. Rhe1 Qc7 22. Ng3 Rad8 23. Nf5 Bf8 24. Qf2 f6 25. Ng4 Rxe1 26. Rxe1 Bc8 27. Nfe3 Nxe3 28. Nxe3 Be6 29. Rd1 Rxd1 30. Nxd1 Qc4 0-1


[Site "https://www.chess.com"]

[Event "Titled Tuesday Blitz August 24 2021"]
[White "Rakhmanov, Aleksandr"]
[Black "Pelopidass"]
[WhiteFideId "4173708"]
[WhiteElo "2498"]
[BlackElo "2557"]
[Result "1-0"]
[Round "03"]
[TimeControl "180+1"]
[Date "2021.08.24"]
[WhiteClock "0:00:36"]
[BlackClock "0:00:09"]

1. c4 Nf6 2. Nc3 g6 3. g3 Bg7 4. Bg2 O-O 5. d3 e5 6. h3 d6 7. e4 Nc6 8. Nge2 Nd7 9. O-O Nc5 10. f4 exf4 11. gxf4 f5 12. Be3 fxe4 13. dxe4 Be6 14. b3 Qh4 15. Kh2 Rae8 16. Qd2 Kh8 17. Rae1 Bc8 18. Ng3 Nd7 19. Nd5 Nf6 20. Nxf6 Qxf6 21. Ne2 Qb2 22. Qxb2 Bxb2 23. Rd1 Bg7 24. Ng3 Rf7 25. c5 dxc5 26. Bxc5 b6 27. Be3 Nb4 28. Rf2 c5 29. h4 Bg4 30. Rdd2 Bc3 31. Rd6 Be1 32. Rf1 Nc2 33. Bc1 Bc3 34. e5 Nd4 35. Ne4 Bb4 36. Bb2 Rd7 37. Nf6 Rxd6 38. exd6 Re2 39. Bxd4 1-0


[Site "https://www.chess.com"]